 Dungeon Crawl Stone Soup version 0.28.0-53-g5a82cb258f (webtiles) character file.

Game seed: 9617759552843569000

151 hawla the Conjurer (level 5, -6/38 HPs)
             Began as a Draconian Conjurer on June 20, 2022.
             Killed from afar by Ijyb (17 damage)
             ... with an iceblast
             ... on level 3 of the Dungeon.
             The game lasted 00:08:24 (2781 turns).

hawla the Conjurer (Draconian Conjurer)             Turns: 2781, Time: 00:08:24

Health: -6/38      AC:  5    Str:  9    XL:     5   Next: 11%
Magic:  9/9        EV: 12    Int: 21    God:
Gold:   128        SH:  0    Dex:  9    Spells: 5/10 levels left

rFire   . . .      SeeInvis .   b - +3 short sword (drain)
rCold   . . .      Faith    .   e - orb {*channel}
rNeg    . . .      Spirit   .   (armour unavailable)
rPois   .          Reflect  .   (helmet restricted)
rElec   .          Harm     .   (no cloak)
rCorr   .          Rampage  .   (no gloves)
Will    .....                   (no boots)
Stlth   ++........              (no amulet)
HPRegen 0.12/turn               (no ring)
MPRegen 0.11/turn               (no ring)

@: about to teleport
A: AC +5, unfitting armour, cold-blooded
a: no special abilities


You were on level 3 of the Dungeon.
You visited 1 branch of the dungeon, and saw 3 of its levels.

You collected 128 gold pieces.

Inventory:

Hand Weapons
 b - a +3 short sword of draining (weapon)
Missiles
 d - 6 poisoned darts
Armour
 e - an orb of energy (worn)
Potions
 c - a potion of degeneration {unknown}
 f - a potion of might {unknown}


   Skills:
 + Level 0.2 Fighting
 + Level 0.3 Short Blades
 + Level 2.2 Dodging
 + Level 2.0 Stealth
 + Level 3.1 Spellcasting
 + Level 4.8 Conjurations
 + Level 2.1 Translocations
 * Level 0.1 Evocations


You had 5 spell levels left.
You knew the following spells:

 Your Spells              Type           Power      Damage    Failure   Level
a - Magic Dart            Conj           92%        1d7       1%          1
b - Searing Ray           Conj           46%        2d6       2%          2
c - Blink                 Tloc           24%        N/A       9%          2

Your spell library contained the following spells:

 Spells                   Type           Power      Damage    Failure   Level
 Shock                    Conj/Air       52%        1d6       4%          1
 Dazzling Flash           Conj/Hex       26%        N/A       14%         3
 Lesser Beckoning         Tloc           12%        N/A       17%         3
 Iskenderun's Mystic Bla  Conj/Tloc      17%        2d5       30%         4
 Swiftness                Air            3%         N/A       36%         3
 Fulminant Prism          Conj/Hex       6%         3d7       43%         4
 Airstrike                Air            1%         N/A       78%         4
 Manifold Assault         Tloc           12%        N/A       83%         5


Dungeon Overview and Level Annotations

Branches:
Dungeon (3/15)

Altars:

Annotations:
D:3 Ijyb


Innate Abilities, Weirdness & Mutations

Your plain brown scales are hard. (AC +5)
You cannot fit into any form of body armour.
You are cold-blooded and may be slowed by cold attacks.


Message History

Aiming: Searing Ray (safe; 2% risk of failure)
Press: ? - help, Shift-Dir - straight line, f - Ijyb
Aim: Ijyb, wielding a +0 club, wearing a +0 ring mail and carrying a wand of iceblast (8) (wandering, hasn't noticed you, 75% to hit)
The searing ray hits Ijyb.
Ijyb is moderately wounded.
Ijyb shouts! (Press . to maintain the ray.)
You hear a shout! x2
The searing ray hits Ijyb.
Ijyb is moderately wounded.
Ijyb barely misses you.
The searing ray hits Ijyb.
Ijyb is moderately wounded.
Ijyb barely misses you.
The searing ray hits Ijyb!
Ijyb is severely wounded.
You finish channelling your searing ray.
Ijyb closely misses you.
A hobgoblin comes into view.
Unknown command.
Okay, then.
Ijyb hits you but does no damage.
Found a scroll labelled RONLAU PI VYL.
Ijyb screams, "I no like you!" The hobgoblin misses you.
Ijyb zaps a wand.
The mass of ice explodes!
The iceblast engulfs you.
The iceblast engulfs the hobgoblin!
The hobgoblin dies!
You hear a shout!
Ijyb zaps a wand.
The mass of ice explodes!
The iceblast engulfs you!
Ijyb zaps a wand.
The mass of ice explodes!
The iceblast engulfs you!
* * * LOW HITPOINT WARNING * * *
An endoplasm comes into view.
The endoplasm quivers.
As you read the scroll labelled DOMYECZ TUAFETAEMM, it crumbles to dust.
You feel strangely unstable.
It was a scroll of teleportation.
You aren't carrying any scrolls.
It was a potion of magic.
Magic courses through your body.
Ijyb zaps a wand.
The mass of ice explodes!
The iceblast engulfs you!
You die...

........#...#.#.#.###
.###.##.#...#.......
.###.##.#.........##
...#.##.#..........## #
##.#.##.#.#.........##.#
#.#.##..#...g..?......
##...####.#.........# #
...### #.#........#....
#.## # #.#...@..J...#
#.# #..........#.. #.#
############ #†# #.#
#.####### ..>......
..####### ..#


You could see Ijyb and an endoplasm.

Vanquished Creatures
  Jessica (D:2)
  4 gnolls
  2 adders
  4 worms
  2 orcs (D:3)
  3 bats
  6 endoplasms (D:2)
  3 giant cockroaches
  2 goblins
  10 hobgoblins
  2 quokkas (D:2)
  5 ball pythons
  2 frilled lizards
  5 kobolds
  5 rats
56 creatures vanquished.

Vanquished Creatures (others)
  A hobgoblin (D:3)
1 creature vanquished.

Grand Total: 57 creatures vanquished

Notes
Turn   | Place    | Note
-------+----------+-------------------------------------------
     0 | D:1      | hawla the Draconian Conjurer began the quest for the Orb.
     0 | D:1      | Reached XP level 1. HP: 14/14 MP: 3/3
     0 | D:1      | Noticed an elf
     5 | D:1      | Noticed an octopode
     8 | D:1      | Noticed a vine stalker
    11 | D:1      | Noticed a demonspawn zombie
    11 | D:1      | Noticed a human
    13 | D:1      | Noticed a ghoul
    17 | D:1      | Noticed a spriggan
    17 | D:1      | Noticed a draconian
    19 | D:1      | Noticed a troll
   245 | D:1      | Reached XP level 2. HP: 19/20 MP: 0/5
   491 | D:1      | Learned a level 2 spell: Searing Ray
  1275 | D:2      | Reached XP level 3. HP: 22/26 MP: 6/6
  1605 | D:1      | Learned a level 2 spell: Blink
  1609 | D:2      | Reached skill level 1 in Translocations
  1609 | D:2      | Reached XP level 4. HP: 13/33 MP: 4/8
  2059 | D:2      | Noticed Jessica
  2071 | D:2      | Killed Jessica
  2605 | D:3      | Reached XP level 5. HP: 26/38 MP: 5/9
  2761 | D:3      | Noticed Ijyb
  2781 | D:3      | Killed from afar by Ijyb

Illustrated notes

Levels and vault maps discovered:
D:1:      shiori_arrival_whats_in_store_for_you, layout_loops_ring,
          hangedman_abyss_or_decor_stabs, minmay_quantized
D:2:      layout_rooms, uniq_jessica
D:3:      layout_loops_ring, uniq_ijyb

Skill      XL: |  1  2  3  4 |
---------------+-------------+-----
Dodging        | 2 |  2.2
Stealth        | 2 |  2.0
Translocations | 1 2 |  2.1
Spellcasting   | 3 |  3.1
Fighting       | |  0.2
Short Blades   | |  0.3
Conjurations   | |  4.8
Evocations     | |  0.1

Action                   |  1- 3 |  4- 6 || total
-------------------------+-------+-------++-------
Melee: Unarmed           |    18 |       ||    18
       Tailslap          |     3 |       ||     3
       Short sword       |    11 |    29 ||    40
       Punch             |     2 |       ||     2
 Cast: Magic Dart        |    44 |    15 ||    59
       Searing Ray       |     6 |    10 ||    16
  Use: Scroll            |     1 |     2 ||     3
       Potion            |       |     1 ||     1
Armor: Skin              |     6 |    16 ||    22
Dodge: Dodged            |    25 |    26 ||    51
